Map: The Vermillion Problem

Players

dje

  • Race: Zerg Zerg
  • Spawn Location: 11:00

NamroodTuo

  • Race: Terran Terran
  • Spawn Location: 11:00

VOD

Have the link to the VOD?

Description

Time

  • Played on: Jan. 22, 2023, 10:04 a.m.
  • Length: 29:07
Show
View Real Time Build Order
Export as new Build Order

dje Zerg 

Build Orders:  

Get SALT Encoding   

  12  0:25  Extractor  
  11  0:57  Drone x3  
  14  1:09  Overlord  
  14  1:10  Overlord  
  14  1:38  Drone x2  
  14  1:39  Drone  
  17  1:47  Extractor  
  16  1:51  Drone  
  17  2:10  Spawning Pool  
  16  2:21  Drone x2  
  18  2:37  Drone  
  19  2:52  Evolution Chamber  
  18  3:00  Lair  
  18  3:06  Overlord x2  
  18  3:31  Drone  
  18  3:38  Drone  
  20  3:51  Drone  
  20  3:59  Heroic Fortitude  
  21  4:12  Queen  
  21  4:13  Drone x2  
  25  4:38  Drone  
  26  4:53  Hydralisk Den  
  26  4:59  Zerg Ground Armor Level 1  
  25  5:03  Hive  
  25  5:35  Spire  
  24  6:01  Muscular Augments  
  24  6:47  Mutalisk x2  
  28  7:06  Mutalisk  
  30  7:18  Mutalisk  
  32  8:36  Ultralisk Cavern  
  31  9:38  Mutalisk x4  
  39  10:07  Hatchery  
  38  10:13  Extractor  
  37  10:29  Mutalisk x2  
  41  10:56  Mutalisk  
  43  11:02  Zerg Flyer Weapons Level 1  
  43  11:26  Zerg Missile Weapons Level 1  
  43  11:41  Drone x3  
  38  13:37  Ultralisk  
  38  13:39  Ultralisk  
  50  13:45  Overlord x2  
  50  13:46  Overlord x2  
  50  13:50  Drone x2  
  50  13:56  Overlord x2  
  52  14:37  Mutalisk x2  
  52  14:38  Mutalisk x4  
  64  14:51  Zerg Flyer Armor Level 1  
  64  15:10  Drone x4  
  64  15:11  Drone x2  
  56  16:07  Ultralisk  
  66  16:12  Hydralisk x2  
  66  16:14  Ultralisk  
  72  16:27  Extractor  
  71  16:36  Drone  
  72  17:31  Zerg Flyer Weapons Level 2  
  72  17:33  Mutalisk  
  74  18:21  Chitinous Plating  
  74  18:28  Mutalisk x2  
  72  19:42  Drone  
  72  19:43  Drone x3  
  72  19:44  Overlord x2  
  76  20:00  Ultralisk x4  
  84  21:41  Mutalisk x5  
  84  21:42  Mutalisk  
  84  21:46  Mutalisk  
  84  21:47  Mutalisk x2  
  102  22:08  Mutalisk  
  100  22:11  Unknown, Rapid Regeneration  
  95  23:11  Zerg Flyer Armor Level 2  
  65  24:08  Mutalisk  
  65  24:09  Mutalisk x5  
  76  24:14  Mutalisk x2  
  76  24:15  Mutalisk  
  82  25:21  Mutalisk  
  82  25:22  Mutalisk x3  
  60  27:28  Mutalisk x3  
  60  27:29  Mutalisk x3  
Show
View Real Time Build Order
Export as new Build Order

NamroodTuo Terran 

Build Orders:  

Get SALT Encoding   

  12  0:02  SCV  
  13  0:32  SCV  
  14  0:43  Factory  
  14  0:46  SCV  
  15  0:54  Supply Depot  
  15  1:24  SCV  
  16  1:47  Perdition Turret  
  16  2:05  Devastation Turret  
  16  2:07  Perdition Turret  
  16  2:21  SCV  
  16  2:25  Devastation Turret  
  16  2:26  Devastation Turret  
  17  2:48  Perdition Turret  
  17  2:51  SCV  
  18  3:05  SCV  
  19  3:15  Perdition Turret  
  19  3:18  SCV  
  20  3:26  Perdition Turret  
  20  3:32  SCV  
  21  3:45  SCV  
  22  3:51  Refinery  
  22  3:57  Refinery  
  22  3:59  SCV  
  23  4:17  Devastation Turret  
  23  4:32  Supply Depot  
  23  4:40  Devastation Turret  
  23  5:02  SCV  
  24  5:15  SCV  
  25  5:29  SCV  
  26  5:42  SCV  
  27  5:56  SCV  
  28  6:01  Armory  
  28  6:09  SCV  
  28  6:12  Supply Depot  
  29  6:21  Perdition Turret  
  29  6:23  SCV, Perdition Turret  
  30  6:44  Devastation Turret  
  30  6:56  Devastation Turret  
  30  7:00  Perdition Turret  
  30  7:12  Engineering Bay  
  30  7:16  Supply Depot  
  30  7:18  SCV  
  31  7:24  Devastation Turret  
  31  7:32  SCV  
  31  7:38  Upgrade Laser Drill Level 1  
  32  7:52  Regenerative Bio-Steel  
  32  8:13  Spinning Dizzy  
  32  8:28  Devastation Turret  
  32  8:39  Spinning Dizzy  
  32  8:41  Hi-Sec Auto Tracking  
  32  9:08  Devastation Turret  
  32  9:15  Spinning Dizzy  
  32  9:28  Advanced Optics  
  32  9:37  Devastation Turret  
  32  9:40  Structure Armor  
  32  9:55  SCV  
  33  10:01  Perdition Turret x2  
  33  10:02  Perdition Turret, Spinning Dizzy  
  33  10:08  SCV  
  34  10:22  SCV  
  35  10:31  Devastation Turret  
  35  10:40  Devastation Turret  
  35  10:45  Spinning Dizzy  
  35  11:09  Devastation Turret  
  35  11:25  Upgrade Laser Drill Level 2  
  35  11:38  Devastation Turret  
  35  11:41  Starport  
  35  11:45  Terran Vehicle and Ship Weapons Level 1  
  35  11:54  Spinning Dizzy  
  35  12:18  SCV  
  36  12:32  SCV  
  36  12:35  Starport Tech Lab  
  37  12:42  Starport  
  37  12:45  SCV  
  38  12:59  SCV  
  39  13:05  Pulse Amplifier  
  39  13:08  Wraith  
  41  13:12  SCV  
  42  13:24  Starport, Starport Tech Lab  
  42  13:58  Supply Depot  
  42  14:02  Science Vessel  
  42  14:05  Improved Nano-Repair  
  46  14:11  Starport Tech Lab  
  46  14:15  Supply Depot  
  46  14:17  Starport Reactor  
  46  14:25  Terran Vehicle And Ship Armor Level 1  
  46  14:35  Wraith  
  46  14:38  Supply Depot  
  48  14:50  Wraith  
  48  14:56  Wraith  
  50  15:11  Supply Depot  
  50  15:17  Wraith  
  52  15:33  Supply Depot  
  52  15:35  Devastation Turret  
  52  15:39  Devastation Turret  
  52  16:09  Supply Depot  
  52  16:15  Command Center  
  52  16:19  Spinning Dizzy  
  52  17:03  Spinning Dizzy  
  52  17:05  Terran Vehicle and Ship Weapons Level 2  
  52  17:27  Devastation Turret  
  52  17:35  Wraith  
  52  17:38  Wraith  
  56  17:54  Devastation Turret  
  56  18:17  Spinning Dizzy  
  56  18:25  Perdition Turret  
  56  18:26  SCV  
  57  18:30  Devastation Turret  
  57  18:39  SCV  
  57  18:40  SCV  
  59  18:53  SCV x2  
  59  18:57  Refinery  
  61  19:06  SCV, Devastation Turret  
  62  19:11  Wraith  
  64  19:20  SCV  
  65  19:34  SCV  
  66  19:43  Devastation Turret  
  66  19:47  SCV  
  67  20:01  SCV  
  67  20:04  Devastation Turret  
  68  20:10  Perdition Turret  
  68  20:14  SCV  
  68  20:15  Terran Vehicle And Ship Armor Level 2  
  69  20:23  Wraith  
  69  20:28  SCV  
  72  20:32  Spinning Dizzy  
  72  20:41  SCV  
  72  20:46  Devastation Turret  
  73  20:54  Perdition Turret  
  73  20:55  SCV  
  74  21:01  Wraith  
  74  21:02  Science Vessel  
  74  21:08  SCV  
  74  21:09  Wraith  
  81  21:16  Devastation Turret  
  81  21:22  SCV  
  82  21:36  SCV  
  81  22:11  Wraith  
  81  22:12  Science Vessel x2, Wraith  
  87  22:32  Devastation Turret  
  87  22:51  Wraith  
  87  22:52  Wraith  
  91  23:00  Science Vessel, Wraith  
  91  23:01  Devastation Turret  
  95  23:31  Wraith, Devastation Turret  
  95  23:32  Wraith  
  85  24:12  Science Vessel, Wraith  
  85  24:13  Science Vessel, Wraith  
  85  24:19  SCV  
  94  24:29  Refinery  
  94  24:33  SCV  
  95  24:46  SCV  
  96  24:52  Wraith  
  96  24:53  Wraith  
  100  25:00  SCV, Wraith  
  100  25:01  Science Vessel  
  105  25:13  SCV  
  106  25:27  SCV  
  107  26:28  Perdition Turret  
  107  26:29  Perdition Turret  
Tags
 
Add a new tag
Caveats
  • Supply blocks, unpowered buildings, or Contaminate may cause inaccurate times.
  • Supply counts are checked every 10 seconds.